 Dungeon Crawl Stone Soup version 0.31-a0-986-g5e6e4ef867 (webtiles) character file.

Game seed: 5046603432601207172

109 horus123 the Magician (level 4, -1/33 HPs)
             Began as a Draconian Earth Elementalist on Nov 20, 2023.
             Slain by a sleepcap (7 damage)
             ... on level 3 of the Dungeon.
             The game lasted 00:05:37 (3112 turns).

horus123 the Magician (DrEE)                        Turns: 3112, Time: 00:05:37

Health: -1/33      AC:  5    Str: 10    XL:     4   Next: 60%
Magic:  5/10       EV: 12    Int: 23    God:
Gold:   145        SH:  5    Dex: 18    Spells: 7/11 levels left

rFire   . . .        k - +9 dagger of Integrity {drain, *Rage rElec rN+ SInv}
rCold   . . .        (no shield)
rNeg    + . .        (body armour unavailable)
rPois   .            (helmet restricted)
rElec   +            (no cloak)
rCorr   .            (no gloves)
SInv    +            (no boots)
Will    .....        j - amulet of reflection
Stlth   ++           e - +6 ring of dexterity
HPRegen 0.25/turn    r - +6 ring of intelligence
MPRegen 0.12/turn

%: random rage (20%), reflection
@: no status effects
A: AC +5, unfitting armour, cold-blooded
a: no special abilities


You were on level 3 of the Dungeon.
You visited 1 branch of the dungeon, and saw 4 of its levels.

You collected 145 gold pieces.

Inventory:

Hand Weapons
 f - a +3 dagger of protection
 k - the +9 dagger of Integrity (weapon) {drain, *Rage rElec rN+ SInv}
   (You found it on level 2 of the Dungeon)

   rElec:     It insulates you from electricity.
   rN+:       It protects you from negative energy.
   SInv:      It lets you see invisible.
   *Rage:     It berserks you when you make melee attacks (+20% chance).
Armour
 i - a scarf of invisibility
Jewellery
 e - a +6 ring of dexterity (left hand)
 j - an amulet of reflection (around neck)
 l - an amulet of guardian spirit
 r - a +6 ring of intelligence (right hand)
Wands
 q - a wand of iceblast (13)
Scrolls
 b - 3 scrolls of teleportation
 g - a scroll of enchant armour
 h - a scroll of fear
 m - a scroll of enchant weapon
 o - a scroll of identify
 t - a scroll of immolation
Potions
 a - 2 potions of magic
 c - 3 potions of curing
 d - 3 potions of haste {unknown}
 n - a potion of brilliance {unknown}
 p - a potion of degeneration {unknown}
 s - a potion of enlightenment {unknown}
 u - a potion of lignification {unknown}
 v - a potion of attraction {unknown}


   Skills:
 - Level 1.7 Dodging
 - Level 1.7 Stealth
 - Level 4.0 Spellcasting
 - Level 1.0 Transmutations
 + Level 3.8 Earth Magic


You had 7 spell levels left.
You knew the following spells:

 Your Spells              Type           Power      Damage    Failure   Level
a - Sandblast             Erth           44%        2d11      2%          1
b - Stone Arrow           Conj/Erth      26%        3d8       14%         3

Your spell library contained the following spells:

 Spells                   Type           Power      Damage    Failure   Level
 Passwall                 Tmut/Erth      12%        N/A       6%          2
 Poisonous Vapours        Pois/Air       8%         N/A       16%         2
 Mephitic Cloud           Conj/Pois/Air  4%         N/A       30%         3
 Petrify                  Tmut/Erth      15%        N/A       36%         4
 Brom's Barrelling Bould  Conj/Erth      13%        2d4       43%         4
 Freezing Cloud           Conj/Ice/Air   2%         6-21      96%         5


Dungeon Overview and Level Annotations

Branches:
Dungeon (4/15)
 Temple: D:4-7

Altars:
Ru

Shops:
D:1 :


Innate Abilities, Weirdness & Mutations

Your plain brown scales are hard. (AC +5)
You cannot fit into any form of body armour.
You are cold-blooded and may be slowed by cold attacks.


Message History

You hear an angry growl.
An orc comes into view.
It is wielding a +2 flail of protection.
The blast of sand hits the orc!
You kill the orc!
The blast of sand hits the sleepcap but does no damage.
The sleepcap barely misses you.
The blast of sand hits the sleepcap.
The sleepcap is lightly damaged.
The orc hits you with a +0 club. The sleepcap releases spores at you.
You hit the orc. You drain the orc.
The orc is severely wounded.
The orc closely misses you. The orc attacks as it pursues you!
The orc hits you with a +0 club. The sleepcap attacks as it pursues you!
The sleepcap barely misses you. The orc attacks as it pursues you!
The orc closely misses you. The sleepcap attacks as it pursues you!
The sleepcap releases spores at you. The sleepcap attacks as it pursues you!
The sleepcap releases spores at you.
There is a stone staircase leading up here.
You can't go down here!
The sleepcap releases spores at you.
You climb upwards.
There is a stone staircase leading down here.
The blast of sand hits the sleepcap!
The sleepcap is heavily damaged.
The sleepcap releases spores at you but does no damage.
The sleepcap releases spores at you.
You are engulfed in a cloud of soporific spores!
You fall asleep.
The sleepcap releases spores at you!
You wake up.
* * * LOW HITPOINT WARNING * * *
You are engulfed in a cloud of soporific spores!
You are unaffected.
Unknown command.
Aiming: Sandblast (safe; 2% risk of failure)
Press: ? - help, Q - select action, (/) - cycle Shift-Dir - straight line, f/p - sleepcap
Aim: a sleepcap (heavily damaged, 100% to hit)
The blast of sand hits the sleepcap.
The sleepcap is heavily damaged.
The sleepcap releases spores at you!
You die...

## .# .#############
...#.........# ...#.####)..)#
#####
..#..###.###)#############...#
...####.####....@............#
.#.####.##......f.########...#
.........#.##.##.....(....#.##
##.####..#.#.###..#######.#.#
............## #..# #.#.#####
##.####.##### #..# #.#......
#...##.#.#######..## #.#######
..#...###..........#
##.####### .....##
##>#####...# #.........


You could see a sleepcap.

Vanquished Creatures
  3 adders (D:3)
  2 dart slugs
  10 orcs
  5 bats
  7 endoplasms
  4 giant cockroaches
  4 goblins
  5 hobgoblins
  4 quokkas
  4 ball pythons
  2 frilled lizards
  8 kobolds
  7 rats
65 creatures vanquished.

Notes
Turn   | Place    | Note
-------+----------+-------------------------------------------
     0 | D:1      | horus123 the Draconian Earth Elementalist began the quest
                  | for the Orb.
     0 | D:1      | Reached XP level 1. HP: 14/14 MP: 3/3
   340 | D:1      | Reached XP level 2. HP: 20/20 MP: 1/5
   537 | D:1      | Reached skill level 3 in Spellcasting
   878 | D:1      | Found Itileyr's Book Shoppe.
  1126 | D:2      | Identified the +9 dagger of Integrity {drain, *Rage rElec
                  | rN+ SInv}
  1252 | D:2      | Reached XP level 3. HP: 26/26 MP: 5/7
  2068 | D:3      | Identified the +3 scale mail of Imium {Drain *Slow rN++
                  | Dex+2}
  2167 | D:3      | Reached skill level 4 in Spellcasting
  2211 | D:3      | Learned a level 3 spell: Stone Arrow
  2247 | D:3      | Reached XP level 4. HP: 17/33 MP: 0/10
  2528 | D:3      | Found a sacrificial altar of Ru.
  2829 | D:4      | Noticed a black bear
  3112 | D:3      | Slain by a sleepcap

Illustrated notes

Levels and vault maps discovered:
D:1:      lightli_arrival_noodles, layout_loops_ring, serial_shops, shop
D:2:      layout_loops_ring
D:3:      layout_loops_ring, nicolae_ru_path_of_blood, minivault_4
D:4:      layout_loops_cross, grunt_temple_overflow_open, serial_park_tiny_pond

Skill      XL: |  1  2  3 |
---------------+----------+-----
Spellcasting   | 3 4 |  4.0
Dodging        | |  1.7
Stealth        | |  1.7
Transmutations | |  1.0
Earth Magic    | |  3.8

Action                     |  1- 3 |  4- 6 || total
---------------------------+-------+-------++-------
  Melee: Unarmed           |     4 |       ||     4
         Dagger            |       |     6 ||     6
   Cast: Sandblast         |    81 |    26 ||   107
    Use: Scroll            |    10 |       ||    10
 Armour: Skin              |    17 |    27 ||    44
  Dodge: Dodged            |    17 |    13 ||    30
  Block: Other             |     3 |     8 ||    11

Table legend: (Time is in decaauts)
 A = Elapsed time spent in this place.
 B = Non-inter-level travel time spent in this place.
 C = Inter-level travel time spent in this place.
 D = Time resting spent in this place.
 E = Time spent auto-exploring this place.
 F = Levels seen in this place.
 G = Mean time per level.
                   A        B        C        D        E       F      G
               +--------+--------+--------+--------+--------+-----+--------+
         Total |   3165 |   3084 |     81 |    218 |   2396 |   4 |  791.2 |
       Dungeon |   3165 |   3084 |     81 |    218 |   2396 |   4 |  791.2 |
               +--------+--------+--------+--------+--------+-----+--------+

Top non-repeatable levels by time:
     D:3: 1113 daAuts
     D:1: 1042 daAuts
     D:2: 960 daAuts
     D:4: 49 daAuts
